 Dungeon Crawl Stone Soup version 0.21-a0-221-gfe971b9 (webtiles) character file.

93 dududu the Chopper (level 4, 0/41 HPs)
             Began as a Hill Orc Abyssal Knight on Aug 24, 2017.
             Was a Believer of Lugonu.
             Killed by divine providence
             ... invoked by an orc priest
              (12 damage)
             ... on level 3 of the Dungeon.
             The game lasted 00:07:46 (1721 turns).

dududu the Chopper (Hill Orc Abyssal Knight)        Turns: 1721, Time: 00:07:48

Health: 0/41       AC:  9    Str: 15    XL:     4   Next: 61%
Magic:  6/6        EV:  6    Int: 12    God:    Lugonu [**....]
Gold:   113        SH:  0    Dex: 10    Spells: 3/3 levels left

rFire    + . .     SeeInvis .   a - +1 hand axe
rCold    x . .     Gourm    .   (no shield)
rNeg     . . .     Faith    .   h - +0 chain mail
rPois    .         Spirit   .   (no helmet)
rElec    .         Reflect  .   (no cloak)
rCorr    .         Harm     .   n - +0 pair of gloves
MR       .....                  (no boots)
Stlth    ..........             (no amulet)
HPRegen  0.13/turn              i - ring of fire (curse)
MPRegen  0.10/turn              (no ring)

@: no status effects
A: no striking features
a: Depart the Abyss, Bend Space, Renounce Religion, Convert to Beogh


You were on level 3 of the Dungeon.
You worshipped Lugonu.
Lugonu was pleased with you.
You were not hungry.

You visited 1 branch of the dungeon, and saw 3 of its levels.
You visited the Abyss 1 time.

You collected 113 gold pieces.

Inventory:

Hand Weapons
 a - a +1 hand axe (weapon)
Missiles
 l - 108 stones (quivered)
Armour
 b - a +0 leather armour
 h - a +0 chain mail (worn)
 n - a +0 pair of gloves (worn)
Jewellery
 i - a cursed ring of fire (left hand)
Wands
 q - a wand of paralysis (13/24)
Scrolls
 d - 3 scrolls of fog {unknown}
 j - a scroll of amnesia {unknown}
 m - 2 scrolls of identify {unknown}
 p - 2 scrolls of remove curse {unknown}
 r - a scroll of recharging {unknown}
Potions
 e - a potion of haste {unknown}
 g - a potion of resistance {unknown}
 k - a potion of agility {unknown}
 s - a potion of ambrosia {unknown}
Comestibles
 c - 2 bread rations
 f - 3 fruits
 o - a royal jelly
 t - 2 chunks of flesh


   Skills:
 + Level 4.4 Fighting
 * Level 4.5 Axes
 - Level 2.1 Armour
 - Level 0.7 Dodging
 + Level 3.9 Invocations


You had 3 spell levels left.
You didn't know any spells.

Dungeon Overview and Level Annotations

Branches:
Dungeon (3/15)

Altars:
Uskayaw

Annotations:
D:2 Terence


Message History

You closely miss the leopard gecko.
The leopard gecko is lightly wounded.
The leopard gecko bites you but does no damage.
You hit the leopard gecko.
You kill the leopard gecko!
Lugonu accepts your kill.
The orc priest hits you but does no damage.
You slash the orc priest!
The orc priest is heavily wounded.
The orc priest hits you but does no damage.
You hit the orc priest but do no damage.
The orc priest is heavily wounded.
The orc priest mumbles some strange prayers to Beogh against you.
Beogh smites you!
* * * LOW HITPOINT WARNING * * *
You closely miss the orc priest.
The orc priest is heavily wounded.
The orc priest calls down the wrath of Beogh upon you.
Beogh smites you!
You die...

####.............o
..........$.......
._.............#
...........?l..#
...............#
######.######)# #.# #
#####.# #..@o.#
#.##### #.# ###.#
#...#
#.####################
#.....................
######################


You could see an orc priest.

Vanquished Creatures
  3 adders (D:2)
  3 oozes
  3 dart slugs
  5 leopard geckos
  A giant cockroach (D:2)
  6 hobgoblins
  2 kobolds (D:2)
  A quokka (D:2)
  2 ball pythons
  6 bats
  A frilled lizard (D:1)
  6 goblins (D:1)
  6 rats
45 creatures vanquished.

Notes
Turn   | Place    | Note
-------+----------+-------------------------------------------
     0 | Abyss:1  | dududu the Hill Orc Abyssal Knight began the quest for the Orb.
     0 | Abyss:1  | Reached XP level 1. HP: 19/19 MP: 2/2
    14 | D:1      | Escaped the Abyss
   138 | D:1      | Reached XP level 2. HP: 20/27 MP: 4/4
   300 | D:1      | Reached XP level 3. HP: 25/33 MP: 5/5
   405 | D:1      | Reached ** piety under Lugonu
   808 | D:2      | Noticed Terence
  1005 | D:2      | Reached XP level 4. HP: 40/40 MP: 6/6
  1119 | D:2      | Found a faded altar of an unknown god.
  1698 | D:3      | Noticed a hand axe
  1698 | D:3      | Found a hide-covered altar of Uskayaw.
  1698 | D:3      | Noticed a dagger
  1721 | D:3      | Killed from afar by an orc priest

Vault maps used:
D:1:      minmay_arrival_nine_rooms, nrook_mini_backslash
D:2:      chequers_ecumenical_altar_simple_redux, first_bread, uniq_terence
D:3:      cheibrodos_thug_alley, dancing_weapons_uskayaw, lemuel_doored_altar,
          kennysheep_flooded_box

Skill      XL: |  1  2  3 |
---------------+----------+-----
Axes           | 3 4 |  4.5
Fighting       | 4 |  4.4
Invocations    | 3 |  3.9
Armour         | |  2.1
Dodging        | |  0.7

Action                   |  1- 3 |  4- 6 || total
-------------------------+-------+-------++-------
Melee: Hand axe          |   107 |    70 ||   177
Throw: Stone             |     2 |       ||     2
Invok: Bend Space        |     1 |       ||     1
  Eat: Chunk             |       |     3 ||     3
Armor: Leather armour    |    10 |       ||    10
       Chain mail        |    32 |    39 ||    71
Dodge: Dodged            |    35 |    20 ||    55

Table legend:
 A = Spawn XP
 B = Non-spawn XP
 C = Spawn XP percentage of total XP
 D = Spawn monster count
 E = Non-spawn monster count
 F = Spawn count percentage of total count
 G = Total turns spent on level
                    A         B        C        D         E        F      G
               +---------+---------+-------+---------+---------+-------+---------
         Total |       5 |     128 |   3.8 |       3 |      42 |   6.7 |  1721
               +---------+---------+-------+---------+---------+-------+---------
           D:1 |       2 |      46 |   4.2 |       2 |      23 |   8.0 |   589
           D:2 |       3 |      64 |   4.5 |       1 |      14 |   6.7 |   844
           D:3 |       0 |      18 |   0.0 |       0 |       5 |   0.0 |   274
               +---------+---------+-------+---------+---------+-------+---------
